 Dungeon Crawl Stone Soup version 0.19-a0-1608-g4cf22de (webtiles) character file.

13710 Amnesiac the Cruncher (level 11, -15/90 HPs)
             Began as a Mummy Gladiator on Sept 18, 2016.
             Was an Initiate of Gozag.
             Demolished by an orc warrior
             ... wielding a +0 glaive
             ... led by an orc warlord
              (19 damage)
             ... on level 10 of the Dungeon.
             The game lasted 00:25:28 (13473 turns).

Amnesiac the Cruncher (Mummy Gladiator)            Turns: 13473, Time: 00:25:29

Health: -15/90     AC: 13    Str: 22    XL:     11   Next: 79%
Magic:  0/11       EV: 12    Int:  8    God:    Gozag
Gold:   910        SH:  0    Dex: 15    Spells: 1 memorised, 8 levels left

rFire  x . .     SeeInvis .     a - +1 quarterstaff (vamp)
rCold  + . .     Gourm    .     t - +2 scale mail {rPois}
rNeg   + + +     Faith    .     (shield currently unavailable)
rPois  ∞         Spirit   +     c - +0 helmet
rElec  .         Dismiss  .     o - +0 cloak
rCorr  .         Reflect  .     q - +1 pair of gloves {Str+3}
MR     +....     Harm     .     C - +0 pair of boots
Stlth  ..........               I - amulet of guardian spirit
                                s - +1 ring of slaying
                                w - +2 ring of evasion

@: drained
A: no food or potions, fire vulnerability, cold resistance 1, negative energy
resistance 3, torment resistance, unbreathing
a: Potion Petition, Call Merchant, Bribe Branch, Renounce Religion


You were on level 10 of the Dungeon.
You worshipped Gozag.
Gozag was pleased with you.
You were not hungry.

You visited 4 branches of the dungeon, and saw 14 of its levels.

You collected 2720 gold pieces.
You spent 367 gold pieces at shops.
You paid 1443 gold pieces to Gozag.

Inventory:

Hand Weapons
 a - a +1 vampiric quarterstaff (weapon)
Armour
 c - a +0 helmet (worn)
 k - the -5 cloak "Paineyp" {rF+ Dex+2 Stlth+}
   (You found it on level 2 of the Lair of Beasts)

   It affects your dexterity (+2).
   It protects you from fire.
   It makes you more stealthy.
 o - a +0 cloak (worn)
 q - a +1 pair of gloves of strength (worn)
 t - a +2 scale mail of poison resistance (worn)
 C - a +0 pair of boots (worn)
Magical Staves
 x - an uncursed staff of earth
Jewellery
 i - an uncursed ring of protection from magic
 l - an uncursed ring of magical power
 s - a +1 ring of slaying (right hand)
 w - a +2 ring of evasion (left hand)
 E - a +2 amulet of reflection
 G - the amulet "Woumorgha" {Harm *Corrode *Drain rN+ Str+8 Dex+5}
   (You found it on level 10 of the Dungeon)

   [amulet of harm]

   It increases damage dealt and taken.
   It affects your strength (+8).
   It affects your dexterity (+5).
   It protects you from negative energy.
   It may corrode you when you take damage.
   It causes draining when unequipped.
 I - an amulet of guardian spirit (around neck)
Wands
 b - a wand of heal wounds (2/9)
 r - a wand of enslavement (8/24)
 u - a wand of teleportation (8/9)
 A - a wand of lightning (4/15)
 B - a wand of heal wounds (0/9)
 D - a wand of flame (37/48)
Scrolls
 d - a scroll of teleportation
 e - a scroll of immolation
 f - 4 scrolls of identify
 h - a scroll of noise
 j - 10 scrolls of remove curse
 m - 3 scrolls of enchant armour
 n - a scroll of summoning
 p - 2 scrolls of blinking
 v - 2 scrolls of enchant weapon
Books
 g - a book of Burglary

   Spells                             Type                      Level
   a - Swiftness                      Charms/Air                   2
   b - Passwall                       Transmutation/Earth          2
   c - Passage of Golubria            Translocation                4
   d - Lee's Rapid Deconstruction     Earth                        5
   e - Darkness                       Hexes                        6
   f - Invisibility                   Hexes                        6
 y - a book of the Dragon

   Spells                             Type                      Level
   a - Flame Tongue                   Conjuration/Fire             1
   b - Cause Fear                     Hexes                        4
   c - Bolt of Fire                   Conjuration/Fire             6
   d - Dragon Form                    Transmutation                7
   e - Dragon's Call                  Summoning                    9
 F - a book of Annihilations

   Spells                             Type                      Level
   a - Poison Arrow                   Conjuration/Poison           6
   b - Chain Lightning                Conjuration/Air              8
   c - Lehudib's Crystal Spear        Conjuration/Earth            8
   d - Glaciate                       Conjuration/Ice              9
   e - Fire Storm                     Conjuration/Fire             9
Miscellaneous
 z - a lamp of fire (inert)
 H - a fan of gales (inert)


   Skills:
 - Level 10.0(8.7) Fighting
 + Level 13.6(12.2) Staves
 - Level 1.5(0.5) Throwing
 - Level 2.4(1.3) Dodging


You had 8 spell levels left.
You knew the following spells:

 Your Spells              Type           Power        Failure   Level  Hunger
a - Passwall              Tmut/Erth      #.........   99%         2    N/A

Dungeon Overview and Level Annotations

Branches:
Dungeon (10/15)            Temple (1/1) D:4            Lair (2/6) D:9
    Orc (1/2) D:10
  Swamp: Lair:2-4    Shoals: Lair:2-4     Snake: Lair:2-4    Spider: Lair:2-4

Altars:
Ashenzari
Cheibriados
Dithmenos
Elyvilon
Fedhas
Gozag
Hepliaklqana
Kikubaaqudgha
Makhleb
Nemelex Xobeh
Okawaru
Qazlal
Ru
Sif Muna
Trog
Uskayaw
Vehumet
Xom
Yredelemnul
Zin
The Shining One

Shops:
D:6 *   D:8 =   D:10 (   Lair:1 (


Innate Abilities, Weirdness & Mutations

You do not eat or drink.
Your flesh is vulnerable to fire.
You are immune to poison.
Your flesh is cold resistant. (rC+)
You are immune to negative energy. (rN+++)
You are immune to unholy pain and torment.
You can survive without breathing.


Message History

The orc warrior is lightly wounded.
The orc warrior hits you with a glaive!
* * * LOW HITPOINT WARNING * * *
You barely miss the orc warrior.
The orc warrior is lightly wounded.
You sock the orc warrior!
You feel better.
The orc warrior is heavily wounded.
The orc warrior hits you with a glaive.
* * * LOW HITPOINT WARNING * * *
You sock the orc warrior!
The orc warrior is severely wounded.
You barely miss the orc warrior.
The orc warrior is severely wounded.
The orc warrior hits you with a glaive!!
* * * LOW HITPOINT WARNING * * *
You hit the orc warrior but do no damage.
The orc warrior is severely wounded.
The orc warrior hits you with a glaive!!
You die...
Your body crumbles into a pile of gold.

#..........#........#,,*#.
#..........#........',,*#.
#..........#........#,,*#.
#..........#.....##.#,,*#.
#.#.................#,,*#.
#...................######
#....####.................
#######..#.#..#...........#.....
#........#.#..#@....###...#...##
#........#....o.....###...#...##
#.##..........#.................
#..##...........................
#.§§##.............#######'##...
#.§§§##.............## #....#...
#T§§##........##.....###....#..#
#.§##........##.......##....#..#
#)##........##........##'####...


You could see an orc warrior.

Vanquished Creatures
  Snorg (D:10)
  Nergalle (Lair:1)
  2 wizards (D:10)
  An orc sorcerer (D:10)
  A manticore (D:9)
  A wolf spider (Lair:1)
  An elephant (D:9)
  Joseph (D:9)
  2 spiny frogs (Lair:1)
  A rime drake (Lair:1)
  2 komodo dragons (Lair:2)
  A two-headed ogre (D:8)
  2 hippogriffs
  A spriggan (D:9)
  A basilisk (Lair:1)
  7 yaks
  A wraith (D:10)
  A wyvern (D:10)
  A hungry ghost (D:8)
  Edmund (D:5)
  A porcupine (Lair:1)
  4 black bears
  A wasp (D:10)
  3 ice beasts
  5 ogres
  2 phantoms
  2 orc warriors (D:10)
  9 boggarts (D:10)
  4 wolves (Lair:1)
  A centaur (D:9)
  4 crocodiles
  3 big kobolds
  8 bullfrogs
  3 scorpions
  5 killer bees (D:9)
  8 wights
  A howler monkey (D:4)
  A centaur zombie (D:10)
  A quasit (D:9)
  6 hounds
  4 jellies
  3 orc priests
  6 orc wizards
  2 iguanas (Lair:1)
  4 worker ants
  4 gnolls
  18 river rats (Lair:1)
  18 adders
  5 shadow imps
  3 adder skeletons
  8 worms
  5 dart slugs
  11 leopard geckos
  29 orcs
  A ball python (D:3)
  9 giant cockroaches
  4 goblins
  7 hobgoblins
  7 jackals
  13 kobolds
  A quokka (D:2)
  9 bats
  8 frilled lizards
  A giant cockroach zombie (D:5)
  A leopard gecko skeleton (D:4)
  A quokka skeleton (D:5)
  4 rats
  A plant (Lair:1)
289 creatures vanquished.

Vanquished Creatures (others)
  2 fungi
2 creatures vanquished.

Grand Total: 291 creatures vanquished

Notes
Turn   | Place    | Note
-------+----------+-------------------------------------------
     0 | D:1      | Amnesiac the Mummy Gladiator began the quest for the Orb.
     0 | D:1      | Reached XP level 1. HP: 16/16 MP: 1/1
   146 | D:2      | Reached XP level 2. HP: 10/22 MP: 2/2
   177 | D:3      | Reached skill level 3 in Staves
   811 | D:4      | Noticed a howler monkey
   817 | D:4      | Killed a howler monkey
   817 | D:4      | Reached XP level 3. HP: 28/28 MP: 3/3
   960 | D:4      | Reached XP level 4. HP: 30/35 MP: 4/4
  1004 | D:4      | Reached skill level 4 in Staves
  1004 | D:4      | Reached XP level 5. HP: 34/41 MP: 5/5
  1208 | D:4      | Found a staircase to the Ecumenical Temple.
  1213 | Temple   | Entered the Ecumenical Temple
  1581 | Temple   | Became a worshipper of Gozag Ym Sagoz the Greedy
  3131 | D:2      | Reached XP level 6. HP: 27/48 MP: 6/6
  3483 | D:3      | Reached skill level 5 in Staves
  3607 | D:3      | Found a faded altar of an unknown god.
  3931 | D:5      | Entered Level 5 of the Dungeon
  4084 | D:5      | Reached XP level 7. HP: 54/54 MP: 7/7
  4110 | D:5      | Reached skill level 6 in Staves
  4175 | D:5      | Noticed Edmund
  4221 | D:5      | Killed Edmund
  4672 | D:6      | Reached skill level 7 in Staves
  4925 | D:6      | Bought a pair of runed gloves for 94 gold pieces
  4925 | D:6      | Bought an ivory wand for 84 gold pieces
  4952 | D:6      | Reached XP level 8. HP: 27/60 MP: 8/8
  5312 | D:6      | Reached skill level 8 in Staves
  5477 | D:6      | Found a bloodstained altar of Trog.
  5646 | D:6      | Bought an agate ring for 105 gold pieces
  5653 | D:6      | Bought a runed scale mail for 84 gold pieces
  5866 | D:7      | Reached skill level 9 in Staves
  6491 | D:8      | Found Pestyimo's Jewellery Shop.
  6664 | D:8      | Noticed a two-headed ogre
  6672 | D:8      | Killed a two-headed ogre
  6672 | D:8      | Reached XP level 9. HP: 65/65 MP: 9/9
  6810 | D:8      | Reached skill level 10 in Staves
  7273 | D:9      | Noticed Joseph
  7895 | D:9      | Reached skill level 11 in Staves
  8021 | D:9      | Noticed an elephant
  8043 | D:9      | Killed an elephant
  8188 | D:9      | Found a staircase to the Lair.
  8476 | D:9      | Killed Joseph
  8476 | D:9      | Reached XP level 10. HP: 53/71 MP: 10/10
  8815 | D:9      | Reached skill level 12 in Staves
  8913 | D:9      | Learned a level 2 spell: Passwall
  9794 | D:10     | Entered Level 10 of the Dungeon
  9794 | D:10     | Noticed Snorg
  9887 | D:10     | Noticed a wizard
  9918 | D:10     | Reached skill level 5 in Fighting
 10019 | D:10     | HP: 2/74 [orc priest/divine providence (8)]
 10383 | Lair:1   | Entered Level 1 of the Lair of Beasts
 10498 | Lair:1   | Noticed Nergalle
 10550 | Lair:1   | Killed Nergalle
 10648 | Lair:1   | Noticed a spiny frog
 10656 | Lair:1   | Killed a spiny frog
 10972 | Lair:1   | Noticed a spiny frog
 10985 | Lair:1   | Killed a spiny frog
 10985 | Lair:1   | Reached XP level 11. HP: 51/90 MP: 11/11
 11088 | Lair:1   | Noticed an eight-headed hydra
 11158 | Lair:2   | Reached skill level 10 in Fighting
 11340 | Lair:2   | Got a transparent cloak
 11351 | Lair:2   | Identified the -5 cloak "Paineyp" {rF+ Dex+2 Stlth+} (You found it on level 2 of the Lair of Beasts)
 11413 | Lair:2   | Noticed a five-headed hydra
 11596 | Lair:1   | Noticed a wolf spider
 11604 | Lair:1   | Killed a wolf spider
 11810 | Lair:2   | Noticed a six-headed hydra
 11827 | Lair:1   | HP: 3/90 [black mamba (12)]
 11871 | D:9      | HP: 2/90 [manticore/volley of spikes (13)]
 12199 | D:10     | Found a staircase to the Orcish Mines.
 12300 | D:10     | Killed a wizard
 12677 | D:10     | Noticed a wizard
 12683 | D:10     | Noticed a hill giant
 12687 | D:10     | Reached skill level 13 in Staves
 12696 | D:10     | Killed a wizard
 12708 | D:10     | Got a wavering graven amulet
 12713 | D:10     | Identified the amulet "Woumorgha" {Harm *Corrode *Drain rN+ Str+8 Dex+5} (You found it on level 10 of the Dungeon)
 12853 | D:10     | Found Ryhuckad's Weapon Emporium.
 13142 | D:10     | Killed Snorg
 13214 | Orc:1    | Entered Level 1 of the Orcish Mines
 13214 | Orc:1    | Noticed an orc sorcerer
 13333 | D:10     | Killed an orc sorcerer
 13401 | Orc:1    | Noticed an orc warlord
 13472 | D:10     | HP: 4/90 [orc warrior/glaive[an orc warlord] (17)]
 13473 | D:10     | Demolished by an orc warrior

Vault maps used:
D:1:      dpeg_arrival_signposts, st_stairs_12, roderic_lattice_a
D:3:      ecumenical_altar_1, minmay_liquid_box, minmay_statues_item,
          due_unseen_surprise
D:4:      first_bread
D:5:      uniq_edmund
D:6:      trog_ov_bears_minmay
D:8:      serial_shops, shop
D:9:      david_lair_generic, grunt_pizzeria, uniq_joseph
D:10:     minmay_smoke_and_mirrors, orc_0_dummy, serial_shops,
          nicolae_shop_temple_entry_statues_fountains, uniq_snorg
Temple:   nicolae_temple_the_god_donut
Lair:1:   minmay_lair_venomous_thicket, minivault_24, grunt_megastairs_1,
          uniq_nergalle
Lair:2:   minmay_swamp_entry_swarm, grunt_megastairs_5, lemuel_fruit_tree,
          serial_bayou_shore_a
Orc:1:    basic_altar, guppyfry_library_mini

Skill      XL: |  1  2  3  4  5  6  7  8  9 10 11 |
---------------+----------------------------------+-----
Staves         | 3 4 5 7 9 11 12 13 | 13.6
Fighting       | 3 4 9 10 | 10.0
Throwing       | |  1.5
Dodging        | |  2.4

Action                   |  1- 3 |  4- 6 |  7- 9 | 10-12 || total
-------------------------+-------+-------+-------+-------++-------
Melee: Quarterstaff      |    51 |   325 |   415 |   631 ||  1422
Throw: Throwing net      |       |     2 |     1 |       ||     3
Invok: Call Merchant     |       |       |     1 |     1 ||     2
Evoke: Wand              |       |       |       |    11 ||    11
       Fan of gales      |       |       |       |     1 ||     1
       Lamp of fire      |       |       |       |     1 ||     1
  Use: Scroll            |       |       |     2 |    21 ||    23
 Stab: Distracted        |       |     2 |     1 |     1 ||     4
Armor: Leather armour    |     5 |       |       |       ||     5
       Plate armour      |    20 |   230 |    97 |       ||   347
       Scale mail        |       |       |    75 |   171 ||   246
Dodge: Dodged            |    25 |   105 |   178 |   327 ||   635
Block: Other             |       |       |       |     6 ||     6
